Map: 瑟拉斯废墟

Players

琥珀

  • Race: Terran Terran
  • League: Grandmaster

Quail - Winner!

  • Race: Protoss Protoss
  • League: Platinum

VOD

Have the link to the VOD?

Description

Time

  • Played on: Dec. 4, 2015, 2:27 a.m.
  • Length: 3:13
Show
View Real Time Build Order
Export as new Build Order

琥珀 Terran 

Build Orders:  

Get SALT Encoding   

  12  0:09  SCV  
  13  0:19  Supply Depot  
  13  0:22  SCV  
  14  0:37  SCV  
  15  0:47  Barracks  
  15  0:49  SCV  
  16  1:01  SCV  
  17  1:30  SCV  
  17  1:32  Refinery  
  18  1:42  Barracks x3  
  18  1:43  SCV, Refinery  
  19  1:54  Marine  
  20  2:02  SCV  
  22  2:15  SCV  
  22  2:17  Marine  
Show
View Real Time Build Order
Export as new Build Order

Quail Protoss - Winner!

Build Orders: 1 Gate Expand 

Get SALT Encoding   

  12  0:01  Probe (Chrono Boost)  
  13  0:12  Probe (Chrono Boost)  
  14  0:19  Pylon  
  14  0:23  Probe (Chrono Boost)  
  15  0:37  Probe (Chrono Boost), Gateway  
  16  0:48  Probe (Chrono Boost)  
  16  0:49  Assimilator  
  17  0:58  Probe (Chrono Boost)  
  18  1:09  Probe (Chrono Boost)  
  19  1:22  Nexus  
  19  1:33  Cybernetics Core  
  19  1:38  Probe (Chrono Boost)  
  20  1:45  Assimilator  
  20  1:48  Probe (Chrono Boost)  
  21  1:56  Pylon  
  21  1:59  Probe (Chrono Boost)  
  22  2:09  Probe (Chrono Boost)  
  22  2:14  Stalker  
  25  2:20  Probe (Chrono Boost)  
  26  2:30  Probe (Chrono Boost)  
  26  2:32  Stargate  
  27  2:37  Probe (Chrono Boost)  
  27  2:41  Probe (Chrono Boost)  
  29  2:48  Probe (Chrono Boost)  
  32  2:54  Probe (Chrono Boost)  
  33  2:59  Probe (Chrono Boost)  
  35  3:08  Pylon  
Tags
 
Add a new tag
Caveats
  • Supply blocks, unpowered buildings, or Contaminate may cause inaccurate times.
  • Supply counts are checked every 10 seconds.